Map: Cyber Forest LE

Players

RlSky (RiSky)

  • Race: Zerg Zerg
  • League: Master
  • Spawn Location: 5:00

llllllllllll (Stats) - Winner!

  • Race: Protoss Protoss
  • League: Grandmaster
  • Spawn Location: 11:00

Event: HomeStory Cup XIX

VOD

Have the link to the VOD?

Description

Time

  • Played on: June 27, 2019, 1:56 p.m.
  • Length: 9:16

All games in this series

Show
View Real Time Build Order
Export as new Build Order

RlSky Zerg 

Build Orders: Hatch First, Ravager All-In 

Get SALT Encoding   

  12  0:00  Drone  
  13  0:12  Overlord  
  13  0:17  Drone  
  14  0:30  Drone x2  
  16  0:48  Hatchery  
  15  0:51  Drone  
  15  0:55  Drone  
  17  0:58  Drone  
  18  1:09  Extractor  
  17  1:13  Spawning Pool  
  17  1:17  Drone  
  17  1:20  Drone  
  18  1:27  Drone  
  19  1:38  Drone  
  20  1:48  Overlord  
  20  1:59  Queen x2  
  20  2:00  Zergling x2  
  20  2:01  Zergling x2  
  26  2:10  Drone  
  26  2:13  Metabolic Boost  
  26  2:14  Drone  
  28  2:21  Drone x2  
  30  2:37  Hatchery  
  29  2:39  Drone  
  30  2:45  Drone  
  30  2:48  Queen  
  33  2:53  Overlord  
  33  2:58  Drone x2  
  34  3:03  Drone  
  36  3:11  Drone  
  36  3:12  Drone  
  38  3:15  Drone x2  
  38  3:16  Drone x2  
  38  3:18  Overlord  
  42  3:20  Drone  
  42  3:23  Drone  
  44  3:30  Roach Warren  
  44  3:32  Drone  
  44  3:33  Extractor  
  43  3:36  Extractor  
  43  3:40  Drone x3  
  43  3:41  Drone  
  46  3:46  Overlord  
  46  3:47  Drone  
  47  3:49  Drone  
  48  3:56  Overlord  
  48  4:03  Zergling x4  
  48  4:08  Zergling x2  
  51  4:12  Roach x4  
  51  4:13  Roach  
  51  4:16  Roach  
  63  4:21  Roach x2  
  67  4:25  Roach  
  67  4:29  Zergling x6  
  72  4:32  Overlord  
  72  4:35  Zergling x4  
  74  4:47  Overlord  
  74  4:52  Ravager x2  
  78  4:53  Zergling x6, Ravager x3  
  78  4:57  Overlord x2  
  81  5:06  Zergling x12  
  87  5:11  Zergling x4  
  89  5:17  Zergling x10  
  94  5:23  Ravager x2  
  94  5:24  Ravager  
  94  5:25  Zergling x6  
  94  5:27  Zergling x2  
  101  5:30  Zergling x4  
  101  5:35  Zergling x4  
  105  5:39  Ravager  
  106  5:45  Overlord  
  106  5:54  Overlord  
  105  5:57  Overlord  
  105  5:58  Lair  
  105  6:01  Zergling x4  
  105  6:03  Zergling x12  
  108  6:10  Zergling x6  
  111  6:13  Drone x2  
  112  6:22  Roach x4  
  117  6:26  Roach  
  117  6:32  Roach x3  
  107  6:35  Roach  
  107  6:37  Roach  
  96  6:40  Roach  
  96  6:43  Roach  
  96  6:48  Roach x2  
  96  6:52  Roach  
  96  6:53  Roach  
  104  6:59  Zergling x6  
  104  7:02  Glial Reconstitution  
  104  7:06  Roach x2  
  108  7:11  Ravager x2  
  108  7:13  Zergling x2  
  111  7:16  Zergling x8  
  115  7:25  Roach  
  115  7:28  Roach x4  
  120  7:30  Roach  
  120  7:33  Roach x2  
  124  7:37  Roach  
  124  7:42  Roach  
  124  7:43  Roach  
  121  8:15  Zergling x8  
  117  8:20  Zergling x8  
  117  8:25  Zergling x16  
  119  8:33  Zergling x2  
  119  8:34  Zergling x8  
  114  8:41  Zergling x6  
  114  8:48  Zergling x2  
  113  8:50  Ravager x4  
  113  8:53  Roach  
Show
View Real Time Build Order
Export as new Build Order

llllllllllll Protoss - Winner!

Build Orders: 1 Gate Expand, Zealot Archon 

Get SALT Encoding   

  12  0:00  Probe  
  13  0:12  Probe  
  14  0:19  Pylon  
  14  0:25  Probe  
  14  0:27  Assimilator  
  15  0:33  Probe  
  15  0:41  Probe  
  16  0:46  Gateway  
  17  0:51  Probe  
  18  1:03  Probe  
  19  1:15  Probe  
  20  1:23  Nexus  
  20  1:33  Cybernetics Core  
  20  1:35  Probe  
  21  1:40  Assimilator  
  21  1:47  Probe  
  21  1:50  Pylon  
  22  1:59  Probe  
  22  2:00  Adept  
  23  2:11  Probe  
  23  2:13  Robotics Facility  
  26  2:19  Warp Gate  
  26  2:23  Probe  
  27  2:30  Stalker  
  27  2:31  Probe x2  
  31  2:39  Probe x2  
  33  2:49  Probe x2  
  33  2:52  Warp Prism  
  35  3:00  Sentry  
  35  3:03  Probe x2  
  41  3:08  Pylon  
  41  3:15  Probe x2  
  41  3:19  Gateway  
  43  3:24  Immortal  
  43  3:27  Probe x2  
  49  3:40  Probe x2  
  51  3:42  Pylon  
  51  3:47  Pylon  
  51  3:49  Assimilator  
  51  3:53  Immortal  
  51  3:54  Probe x2  
  57  4:13  Gateway  
  57  4:14  Sentry x2  
  57  4:15  Gateway  
  61  4:24  Gateway  
  61  4:25  Gateway  
  61  4:26  Immortal  
  61  4:30  Probe  
  63  4:38  Pylon  
  66  4:44  Sentry x2, Assimilator  
  70  4:47  Pylon  
  70  4:54  Gateway  
  70  5:01  Probe x2  
  70  5:03  Pylon  
  70  5:04  Observer, Pylon  
  73  5:16  Zealot x4  
  81  5:23  Zealot x2  
  85  5:29  Forge  
  85  5:31  Twilight Council  
  85  5:42  Stalker x2  
  87  5:44  Stalker  
  87  5:48  Zealot  
  93  5:53  Zealot  
  95  5:57  Zealot x2  
  95  5:59  Protoss Ground Weapons Level 1  
  99  6:07  Charge  
  99  6:10  Pylon  
  99  6:12  Pylon  
  99  6:18  Templar Archives  
  99  6:20  Zealot  
  101  6:29  Zealot x3  
  79  6:42  Sentry x2  
  79  6:46  Zealot x2  
  83  6:50  Zealot x3  
  87  7:04  Pylon  
  87  7:06  Probe  
  86  7:10  High Templar x4  
  86  7:11  Zealot x3  
  86  7:15  Archon x2  
  98  7:35  Stalker  
  98  7:36  Nexus  
  100  7:39  Zealot x2  
  100  7:42  Zealot x4  
  111  8:02  Nexus  
  111  8:05  Pylon  
  111  8:18  Zealot x5  
  119  8:34  High Templar x2  
  119  8:39  Archon  
  115  8:46  Zealot x2  
  115  8:47  Zealot x3  
  95  9:13  Zealot x4  
  95  9:14  Zealot x3  
Tags
 
Add a new tag
Caveats
  • Supply blocks, unpowered buildings, or Contaminate may cause inaccurate times.
  • Supply counts are checked every 10 seconds.